 Dungeon Crawl Stone Soup version 0.28.0-53-g5a82cb258f (webtiles) character file.

Game seed: 2188766280935412797

44 adizb the Skirmisher (level 3, -6/41 HPs)
             Began as an Ogre Monk on Aug 5, 2022.
             Mangled by Terence
             ... wielding a +3 trident of venom
              (8 damage)
             ... on level 2 of the Dungeon.
             The game lasted 00:04:18 (786 turns).

adizb the Skirmisher (Ogre Monk)                     Turns: 786, Time: 00:04:18

Health: -6/41      AC:  3    Str: 17    XL:     3   Next: 60%
Magic:  3/3        EV: 10    Int: 11    God:
Gold:   50         SH:  0    Dex: 11    Spells: 2/2 levels left

rFire   . . .      SeeInvis .   c - +2 mace (vorpal)
rCold   . . .      Faith    +   (no shield)
rNeg    . . .      Spirit   .   b - +0 robe
rPois   .          Reflect  .   (helmet restricted)
rElec   .          Harm     .   (no cloak)
rCorr   .          Rampage  .   (gloves unavailable)
Will    .....                   (boots unavailable)
Stlth   ++........              g - amulet of faith
HPRegen 0.13/turn               (no ring)
MPRegen 0.08/turn               (no ring)

@: lethally poisoned (-6 -> -25), about to teleport
A: large, unfitting armour, tough skin 1
a: no special abilities


You were on level 2 of the Dungeon.
You visited 1 branch of the dungeon, and saw 2 of its levels.

You collected 50 gold pieces.

Inventory:

Hand Weapons
 a - a +0 hand axe
 c - a +2 vorpal mace (weapon)
Armour
 b - a +0 robe (worn)
Jewellery
 g - an amulet of faith (around neck)
Scrolls
 d - a scroll of identify {unknown}
 e - a scroll of fear {unknown}
 f - a scroll of silence {unknown}
 h - a scroll of vulnerability {unknown}


   Skills:
 * Level 4.8 Fighting
 - Level 3.0(3.1) Axes
 + Level 1.0(2.0) Maces & Flails
 + Level 1.0 Throwing
 * Level 3.2 Dodging
 - Level 1.4 Stealth


You had 2 spell levels left.
You didn't know any spells.
Your spell library contained the following spells:

 Spells                   Type           Power      Damage    Failure   Level
 Slow                     Hex            0%         N/A       34%         1
 Confusing Touch          Hex            0%         N/A       71%         3
 Vampiric Draining        Necr           0%         2d6       71%         3


Dungeon Overview and Level Annotations

Branches:
Dungeon (2/15)

Altars:

Annotations:
D:2 Terence


Innate Abilities, Weirdness & Mutations

You are too large for most types of armour.
You have tough skin. (AC +1)


Message History

Found a scroll labelled HULUKIHIHI.
Found a leather armour.
h - a scroll labelled HULUKIHIHI You open the door.
Found a scroll labelled YVATAH MOSUABE.
There is an open door here.
i - a scroll labelled YVATAH MOSUABE You open the door.
There is an open door here.
You now have 50 gold pieces (gained 12).
You open the door.
There is an open door here.
You open the door.
Terence the Incautious comes into view.
He is wielding a +3 trident of venom.
There is an open door here.
The helpless Terence fails to defend himself.
You hit Terence.
Terence is lightly wounded.
Terence hits you with a +3 trident of venom!
You are poisoned.
You barely miss Terence.
Terence is lightly wounded.
You feel very sick.
Terence hits you with a +3 trident of venom.
You are lethally poisoned!
Terence barely misses you.
As you read the scroll labelled YVATAH MOSUABE, it crumbles to dust.
You feel strangely unstable.
It was a scroll of teleportation.
* * * LOW HITPOINT WARNING * * *
You feel very sick.
Terence hits you with a +3 trident of venom.
* * * LOW HITPOINT WARNING * * *
You are more poisoned.
You aren't carrying any potions.
You hit Terence but do no damage.
Terence is lightly wounded.
* * * LOW HITPOINT WARNING * * *
You feel extremely sick.
Terence hits you with a +3 trident of venom!
You die...

#########
#.......#
#.......#
#.......#
+.......+
#.......#
#.....@.#
...# #@# ...#
#.# ...# #.#
...+ #.# ...#
#.#
...#####.#
#.#
#........# #
#.#
....)######.#
#.#
.†..........#
#.#


You could see Terence.

Vanquished Creatures
  2 adders (D:2)
  A worm (D:2)
  2 ball pythons
  2 bats (D:1)
  An endoplasm (D:2)
  A giant cockroach (D:2)
  5 hobgoblins (D:1)
  2 kobolds
  2 quokkas (D:1)
  A frilled lizard (D:2)
  A goblin (D:1)
  A rat (D:1)
21 creatures vanquished.

Notes
Turn   | Place    | Note
-------+----------+-------------------------------------------
     0 | D:1      | adizb the Ogre Monk began the quest for the Orb.
     0 | D:1      | Reached XP level 1. HP: 24/24 MP: 1/1
   200 | D:1      | Reached XP level 2. HP: 28/32 MP: 2/2
   252 | D:1      | Found a faded altar of an unknown god.
   684 | D:2      | Reached XP level 3. HP: 32/40 MP: 3/3
   719 | D:2      | Reached skill level 1 in Throwing
   734 | D:2      | Reached skill level 1 in Maces & Flails
   781 | D:2      | Noticed Terence
   786 | D:2      | HP: 2/41 [poisoned by Terence]
   786 | D:2      | Mangled by Terence

Illustrated notes

Levels and vault maps discovered:
D:1:      heliophobic_arrival_battle_scene, layout_basic,
          dreamdust_ecumenical_altar_hidden_monk_grotto
D:2:      layout_basic, uniq_terence

Skill      XL: |  1  2  3 |
---------------+----------+-----
Dodging        | 3 |  3.2
Throwing       | 1 |  1.0
Maces & Flails | 1 |  1.0
Fighting       | |  4.8
Axes           | |  3.0
Stealth        | |  1.4

Action                   || total
-------------------------++-------
Melee: Mace              ||    51
       Punch             ||     2
  Use: Scroll            ||     1
 Stab: Sleeping          ||     3
Armor: Robe              ||     9
Dodge: Dodged            ||    31
